 Dungeon Crawl Stone Soup version 0.30-a0-782-ge64f9170bb (webtiles) character file.

Game seed: 3490204360466852477

1859 Leeroy the Carver (level 9, -5/57 (64) HPs)
             Began as a Merfolk Monk on Mar 3, 2023.
             Was a Follower of Uskayaw.
             Slain by a wight
             ... wielding a +0 spear
              (6 damage)
             ... on level 7 of the Dungeon.
             The game lasted 00:07:33 (6721 turns).

Leeroy the Carver (Merfolk Monk)                    Turns: 6721, Time: 00:07:34

HP:   -5/57 (64)    AC:  3    Str: 11    XL:     9   Next: 13%
MP:   9/9           EV: 14    Int: 10    God:    Uskayaw [*.....]
Gold: 219           SH:  0    Dex: 20    Spells: 8/8 levels left

rFire   . . .      SeeInvis .    F - +3 great sword
rCold   . . .      Faith    .    (shield currently unavailable)
rNeg    . . .      Spirit   .    b - +0 robe
rPois   .          Reflect  .    p - +0 helmet
rElec   .          Harm     .    (no cloak)
rCorr   .          Rampage  .    (no gloves)
Will    .....                    (no boots)
Stlth   +                        (no amulet)
HPRegen 0.29/turn                D - +4 ring of slaying
MPRegen 0.11/turn                (no ring)

@: confused, ambrosia-drunk, heavily drained
A: (nimble swimmer 2), mertail
a: Renounce Religion, Stomp


You were on level 7 of the Dungeon.
You worshipped Uskayaw.
Uskayaw was noncommittal.
You visited 2 branches of the dungeon, and saw 8 of its levels.

You collected 219 gold pieces.

Inventory:

Hand Weapons
 a - a +0 falchion
 F - a +3 great sword (weapon)
Missiles
 n - 4 curare-tipped darts
 o - 9 poisoned darts
Armour
 b - a +0 robe (worn)
 f - a +0 buckler
 p - a +0 helmet (worn)
 y - the +1 ring mail "Kuweto" {rElec rF- rN+++}
   (You found it on level 3 of the Dungeon)

   rF:        It makes you vulnerable to fire.
   rElec:     It insulates you from electricity.
   rN:        It renders you almost immune to negative energy.
Jewellery
 D - a +4 ring of slaying (left hand)
Wands
 v - a wand of light (9) (quivered)
 H - a wand of flame (21)
Scrolls
 e - a scroll of silence {unknown}
 g - 4 scrolls of teleportation {unknown}
 h - 5 scrolls of identify
 i - 2 scrolls of blinking {unknown}
 j - 2 scrolls of enchant weapon {unknown}
 k - 4 scrolls of poison {unknown}
 l - 5 scrolls of magic mapping {unknown}
 t - a scroll of noise {unknown}
 u - a scroll of acquirement {unknown}
 w - 2 scrolls of fear {unknown}
 x - a scroll of immolation {unknown}
 E - a scroll of enchant armour {unknown}
Potions
 d - a potion of haste
 m - 4 potions of degeneration {unknown}
 q - a potion of magic {unknown}
 r - a potion of curing {unknown}
 s - 2 potions of might {unknown}
 z - 2 potions of brilliance {unknown}
 A - a potion of mutation {unknown}
 B - 2 potions of flight {unknown}
 C - a potion of resistance {unknown}
 G - 2 potions of attraction {unknown}


   Skills:
 - Level 3.2 Fighting
 + Level 14.0 Long Blades
 - Level 0.2 Throwing
 - Level 4.0 Dodging
 - Level 2.1 Stealth


You had 8 spell levels left.
You didn't know any spells.
Your spell library contained the following spells:

 Spells                   Type           Power      Damage    Failure   Level
 Foxfire                  Conj/Fire      0%         2x1d4     36%         1
 Fireball                 Conj/Fire      0%         3d3       100%        5
 Starburst                Conj/Fire      0%         6d3       100%        6


Dungeon Overview and Level Annotations

Branches:
Dungeon (7/15)             Temple (1/1) D:6

Altars:
Ashenzari
Cheibriados
Dithmenos
Elyvilon
Fedhas
Gozag
Hepliaklqana
Makhleb
Nemelex Xobeh
Okawaru
Ru
Sif Muna
Trog
Uskayaw
Vehumet
Wu Jian
Xom
Yredelemnul
The Shining One

Shops:
D:3 [


Innate Abilities, Weirdness & Mutations

((You are very nimble when in or above water. (Stealth+, EV+, Speed+++)))
Your lower body shifts to a powerful aquatic tail in water.


Message History

The white imp shouts, "Flounder, thou fawning swag-bellied scut!"
The white imp gestures at you. The puff of frost hits you.
You slash the wight!
The wight is moderately damaged.
The wight closely misses you. x2; The wight hits you but does no damage.
The wight attacks as you move away!
The wight hits you with a +0 long sword!
The wight attacks as you move away! The wight completely misses you.
The white imp attacks as you move away! The white imp hits you.
The white imp freezes you.
A gnoll comes into view. It is wielding a +0 whip.
The wight attacks as you move away!
The wight hits you with a +0 long sword!
You feel drained.
You slice the white imp!!
You kill the white imp!
The wight attacks as you move away!
The wight hits you with a +0 long sword.
You feel drained. The wight attacks as you move away!
The wight closely misses you. The wight attacks as you move away!
The wight barely misses you. The wight attacks as you move away!
The wight hits you with a +0 long sword!
The wight hits you with a +0 long sword.
You feel drained.
The wight hits you from afar with a +0 spear.
You feel drained. The wight attacks as you move away!
The wight hits you with a +0 long sword!
* * * LOW HITPOINT WARNING * * *
You feel drained.
* * * LOW HITPOINT WARNING * * *
There is a stone staircase leading up here.
You are confused.
You feel invigorated.
The wight hits you with a +0 long sword!
* * * LOW HITPOINT WARNING * * *
The wight hits you from afar with a +0 spear.
You die...

###########
..........#
#########.####
#.##..
#.##.#####
#.##.#..@#
#######.##.##z##
...........zz..#
.......>...#####
###..........#
#.###.z.##.#
#..........#
#####.######
#z.....#


You could see 4 wights.

Vanquished Creatures
  Prince Ribbit (D:5)
  Grinder (D:5)
  Eustachio (D:4)
  A water moccasin (D:6)
  A black bear (D:5)
  An ogre (D:5)
  2 centaurs
  A bullfrog (D:6)
  A scorpion (D:4)
  3 necrophages
  4 wights
  3 hounds
  A jelly (D:5)
  An orc priest (D:5)
  3 iguanas
  An orc wizard (D:5)
  Robin (D:1)
  6 adders
  A white imp (D:7)
  A worm (D:4)
  3 orcs (D:5)
  6 ball pythons
  5 bats
  14 endoplasms
  A giant cockroach (D:1)
  16 goblins
  11 hobgoblins
  7 kobolds
  7 quokkas
  A frilled lizard (D:3)
  8 rats
114 creatures vanquished.

Vanquished Creatures (others)
  2 jellies (D:5)
  A hound (D:5)
  A plant (D:3)
4 creatures vanquished.

Grand Total: 118 creatures vanquished

Notes
Turn   | Place    | Note
-------+----------+-------------------------------------------
     0 | D:1      | Leeroy the Merfolk Monk began the quest for the Orb.
     0 | D:1      | Reached XP level 1. HP: 18/18 MP: 1/1
   120 | D:1      | Reached skill level 4 in Long Blades
   135 | D:1      | Reached XP level 2. HP: 8/24 MP: 2/2
   693 | D:1      | Reached XP level 3. HP: 27/29 MP: 3/3
   706 | D:1      | Reached skill level 5 in Long Blades
   999 | D:2      | Noticed Robin
  1103 | D:1      | Killed Robin
  1248 | D:2      | Reached XP level 4. HP: 35/35 MP: 4/4
  1314 | D:2      | Found a broken altar of Ashenzari.
  1333 | D:2      | Reached skill level 6 in Long Blades
  1951 | D:3      | Found Simis's Antique Armour Shoppe.
  1989 | D:3      | Found a faded altar of an unknown god.
  2000 | D:3      | Reached XP level 5. HP: 39/41 MP: 5/5
  2191 | D:3      | Identified the +1 ring mail "Kuweto" {rElec rF- rN+++}
  2545 | D:4      | Reached skill level 7 in Long Blades
  2846 | D:4      | Noticed Eustachio
  2851 | D:4      | Reached XP level 6. HP: 47/47 MP: 6/6
  2865 | D:4      | Killed Eustachio
  2866 | D:4      | Reached skill level 8 in Long Blades
  2961 | D:4      | Reached skill level 9 in Long Blades
  2961 | D:4      | Reached XP level 7. HP: 7/52 MP: 7/7
  3508 | D:5      | Entered Level 5 of the Dungeon
  3567 | D:5      | Noticed Prince Ribbit
  3901 | D:5      | Reached skill level 10 in Long Blades
  4030 | D:5      | Killed Prince Ribbit
  4031 | D:5      | Reached skill level 11 in Long Blades
  4031 | D:5      | Reached XP level 8. HP: 25/58 MP: 8/8
  4307 | D:5      | Noticed Grinder
  4314 | D:5      | Killed Grinder
  4592 | D:5      | Reached skill level 12 in Long Blades
  5722 | D:6      | Reached skill level 13 in Long Blades
  6094 | D:6      | Reached XP level 9. HP: 54/64 MP: 9/9
  6206 | D:6      | Found a staircase to the Ecumenical Temple.
  6250 | Temple   | Entered the Ecumenical Temple
  6301 | Temple   | Became a worshipper of Uskayaw the Reveller
  6301 | Temple   | Reached * piety under Uskayaw
  6357 | D:6      | Reached ** piety under Uskayaw
  6359 | D:6      | Reached *** piety under Uskayaw
  6361 | D:6      | Reached skill level 14 in Long Blades
  6721 | D:7      | HP: 1/57 [wight/+0 long sword (8)]
  6721 | D:7      | Slain by a wight

Illustrated notes

Levels and vault maps discovered:
D:1:      matt_arrival_refuge, layout_basic, minmay_split_cup_small
D:2:      layout_loops_ring, basic_altar, uniq_robin
D:3:      layout_loops_ring, ebering_ecumenical_altar_petrified, serial_shops,
          nicolae_shop_overgrown_old_shop, minmay_hedge_maze,
          serial_bayou_pond_a
D:4:      layout_cave_pools, bh_walls_and_bars, uniq_eustachio
D:5:      layout_basic, lemuel_flamethrower_2, uniq_grinder, uniq_prince_ribbit1
D:6:      layout_cave_pools, temple_statues
D:7:      layout_basic, mainiacjoe_overflow_alcove_4, grunt_decor_arrowhead,
          lemuel_flame_loot_1, uniq_pikel, uniq_crazy_yiuf_cottage
Temple:   hellmonk_temple_of_storms

Skill      XL: |  1  2  3  4  5  6  7  8  9 |
---------------+----------------------------+-----
Long Blades    | 4 5 6 7 9 11 13 14 | 14.0
Fighting       | |  3.2
Throwing       | |  0.2
Dodging        | |  4.0
Stealth        | |  2.1

Action                     |  1- 3 |  4- 6 |  7- 9 || total
---------------------------+-------+-------+-------++-------
  Melee: Falchion          |    97 |   143 |   123 ||   363
         Punch             |     2 |     2 |     1 ||     5
         Great sword       |       |       |    15 ||    15
  Throw: Dart              |       |       |     3 ||     3
    Use: Potion            |       |     1 |     2 ||     3
         Scroll            |       |     1 |       ||     1
   Stab: Sleeping          |     4 |     9 |     4 ||    17
         Paralysed         |       |       |     1 ||     1
 Armour: Robe              |    13 |    14 |    17 ||    44
  Dodge: Dodged            |    67 |   105 |    75 ||   247

Table legend: (Time is in decaauts)
 A = Elapsed time spent in this place.
 B = Non-inter-level travel time spent in this place.
 C = Inter-level travel time spent in this place.
 D = Time resting spent in this place.
 E = Time spent auto-exploring this place.
 F = Levels seen in this place.
 G = Mean time per level.
                   A        B        C        D        E       F      G
               +--------+--------+--------+--------+--------+-----+--------+
         Total |   6679 |   6278 |    401 |   1281 |   3870 |   8 |  834.9 |
       Dungeon |   6612 |   6243 |    369 |   1281 |   3852 |   7 |  944.6 |
        Temple |     66 |     34 |     32 |      0 |     18 |   1 |   66.0 |
               +--------+--------+--------+--------+--------+-----+--------+

Top non-repeatable levels by time:
     D:5: 1814 daAuts
     D:4: 1101 daAuts
     D:1: 1095 daAuts
     D:6: 1002 daAuts
     D:3: 849 daAuts
     D:2: 645 daAuts
     D:7: 103 daAuts
  Temple: 66 daAuts
